 Dungeon Crawl Stone Soup version 0.29.1-12-g30fa7ad0bf (webtiles) character file.

Game seed: 13384939709304458531

202 safid the Shooter (level 5, -2/48 HPs)
             Began as a Minotaur Hunter on Dec 20, 2022.
             Slain by an iguana (12 damage)
             ... on level 3 of the Dungeon.
             The game lasted 00:05:01 (2402 turns).

safid the Shooter (Minotaur Hunter)                 Turns: 2402, Time: 00:05:01

Health: -2/48      AC:  6    Str: 16    XL:     5   Next: 50%
Magic:  4/4        EV: 10    Int:  6    God:
Gold:   143        SH:  0    Dex: 21    Spells: 4/4 levels left

rFire   . . .      SeeInvis .   a - +0 shortbow
rCold   . . .      Faith    .   (shield currently unavailable)
rNeg    . . .      Spirit   .   o - +0 scale mail
rPois   .          Reflect  .   (helmet restricted)
rElec   .          Harm     .   (no cloak)
rCorr   .          Rampage  .   (no gloves)
Will    .....                   (no boots)
Stlth   +.........              (no amulet)
HPRegen 0.16/turn               f - +6 ring of dexterity
MPRegen 0.09/turn               (no ring)

@: no status effects
A: horns 2, retaliatory headbutt
a: no special abilities


You were on level 3 of the Dungeon.
You visited 1 branch of the dungeon, and saw 4 of its levels.

You collected 143 gold pieces.

Inventory:

Hand Weapons
 a - a +0 shortbow (weapon)
Armour
 o - a +0 scale mail (worn)
Jewellery
 f - a +6 ring of dexterity (left hand)
Wands
 m - a wand of paralysis (14)
Scrolls
 c - a scroll of silence {unknown}
 d - 2 scrolls of blinking {unknown}
 e - a scroll of identify {unknown}
 i - a scroll of poison {unknown}
 l - a scroll of fear {unknown}
Potions
 b - a potion of curing {unknown}
 g - a potion of haste {unknown}
 h - a potion of mutation {unknown}
 j - a potion of lignification {unknown}
 k - 2 potions of degeneration {unknown}
 n - a potion of cancellation {unknown}
 p - a potion of resistance {unknown}


   Skills:
 + Level 5.2 Fighting
 + Level 6.1 Ranged Weapons
 - Level 2.1 Dodging
 - Level 0.7 Stealth


You had 4 spell levels left.
You didn't know any spells.
Your spell library contained the following spells:

 Spells                   Type           Power      Damage    Failure   Level
 Gell's Gravitas          Tloc           0%         N/A       99%         3
 Lesser Beckoning         Tloc           0%         N/A       99%         3
 Teleport Other           Tloc           0%         N/A       99%         3


Dungeon Overview and Level Annotations

Branches:
Dungeon (4/15)             Temple (0/1) D:4

Altars:
Ashenzari
Kikubaaqudgha
Yredelemnul

Annotations:
D:3 2 transporters, Menkaure


Innate Abilities, Weirdness & Mutations

You have a pair of horns on your head.
You reflexively headbutt those who attack you in melee.


Message History

You shoot an arrow. The arrow closely misses the iguana.
You shoot an arrow. The arrow barely misses the iguana.
The iguana bites you! The giant cockroach barely misses you.
You furiously retaliate!
You headbutt the giant cockroach.
You climb upwards.
Level annotation: 2 transporters, Menkaure
There is a stone staircase leading down here.
You shoot an arrow. The arrow hits the giant cockroach.
You kill the giant cockroach!
The iguana barely misses you. You furiously retaliate!
You headbutt the iguana. The iguana bites you.
You shoot an arrow. The arrow hits the iguana.
The iguana is moderately wounded.
The iguana bites you.
You shoot an arrow. The arrow barely misses the iguana.
The iguana bites you.
The iguana bites you but does no damage.
You are too injured to fight recklessly!
You are too injured to fight recklessly!
You are too injured to fight recklessly!
You are too injured to fight recklessly!
Fire: a) +0 shortbow
Press: ? - help, Q - select action, (/) - cycle Shift-Dir - straight line, f/p - iguana
Aim: an iguana (moderately wounded, 70% to hit)
You shoot an arrow. The arrow barely misses the iguana.
The iguana barely misses you.
Unknown command.
Fire: a) +0 shortbow
Press: ? - help, Q - select action, (/) - cycle Shift-Dir - straight line, f/p - iguana
Aim: an iguana (moderately wounded, 70% to hit)
You shoot an arrow. The arrow barely misses the iguana.
The iguana bites you!
Unknown command.
Fire: a) +0 shortbow
Press: ? - help, Q - select action, (/) - cycle Shift-Dir - straight line, f/p - iguana
Aim: an iguana (moderately wounded, 70% to hit)
You shoot an arrow. The arrow barely misses the iguana.
The iguana bites you.
* * * LOW HITPOINT WARNING * * *
The iguana bites you!
You die...

##........~~≈≈~..................
...#######~≈≈~~##############....
#### ##~≈≈~................... #
#~~≈≈~.########..##.##... ##
#~≈≈~~.########...#.####.
.########~≈≈~...............##...
.........~≈≈~..............###.##
##......#~≈≈~....l.......#.....##
##......#~≈≈~...@................
.........~≈≈~~..............###.#
##......#~~≈≈~..........#.#.# #.#
#..###...~≈≈~..............###'#
##.## #.##~≈≈~..............###_'
#..####.##~≈≈~~.............###'#
........##~~≈≈~.........#.#.# #.#
#.###...##.~≈≈~#..###..##.#.###.#
......#....~≈≈~~.................


You could see an iguana.

Vanquished Creatures
  An iguana (D:2)
  2 orc wizards (D:3)
  6 gnolls (D:3)
  2 adders
  2 worms (D:3)
  3 orcs (D:3)
  5 bats
  6 endoplasms
  2 giant cockroaches
  A goblin (D:2)
  A hobgoblin (D:3)
  2 quokkas
  3 ball pythons
  5 frilled lizards
  4 kobolds
  4 rats
49 creatures vanquished.

Notes
Turn   | Place    | Note
-------+----------+-------------------------------------------
     0 | D:1      | safid the Minotaur Hunter began the quest for the Orb.
     0 | D:1      | Reached XP level 1. HP: 18/18 MP: 0/0
   130 | D:1      | Reached XP level 2. HP: 26/26 MP: 1/1
   379 | D:1      | Found a faded altar of an unknown god.
  1084 | D:2      | Reached skill level 5 in Ranged Weapons
  1105 | D:2      | Reached XP level 3. HP: 13/33 MP: 2/2
  1501 | D:3      | Found a basalt altar of Yredelemnul.
  1501 | D:3      | Found an ancient bone altar of Kikubaaqudgha.
  1501 | D:3      | Found the +13 scythe of Curses {drain, Drain}
  1502 | D:3      | Noticed Menkaure
  1504 | D:3      | Found a transporter.
  1621 | D:3      | Found a broken altar of Ashenzari.
  1637 | D:3      | Reached XP level 4. HP: 40/40 MP: 3/3
  1796 | D:3      | Reached XP level 5. HP: 42/47 MP: 4/4
  1910 | D:3      | Found a transporter.
  1934 | D:3      | Reached skill level 6 in Ranged Weapons
  2001 | D:3      | Reached skill level 5 in Fighting
  2392 | D:4      | Found a staircase to the Ecumenical Temple.
  2402 | D:3      | Slain by an iguana

Illustrated notes

Levels and vault maps discovered:
D:1:      scummos_arrival_simple_crosswalls, layout_loops_ring,
          hellmonk_ecumenical_altar_inner_sanctum
D:2:      layout_rooms
D:3:      wander_river, layout_rooms, gammafunk_temple_of_torment,
          lemuel_doored_altar
D:4:      layout_cave_pools, mainiacjoe_overflow_catwalk, temple_fountains,
          kennysheep_small_circle, uniq_ijyb

Skill      XL: |  1  2  3  4  5 |
---------------+----------------+-----
Fighting       | 3 4 5 |  5.2
Ranged Weapons | 5 6 |  6.1
Dodging        | |  2.1
Stealth        | |  0.7

Action                   |  1- 3 |  4- 6 || total
-------------------------+-------+-------++-------
 Fire: Shortbow          |    85 |    72 ||   157
Armor: Leather armour    |     6 |       ||     6
       Scale mail        |       |     8 ||     8
Dodge: Dodged            |    22 |    11 ||    33
